 Dungeon Crawl Stone Soup version 0.30-a0-639-g3916f1956a (webtiles) character file.

Game seed: 9520426113438489594

4422 experimilk the Zephyrmancer (level 10, -8/69 HPs)
             Began as a Green Draconian Conjurer on Jan 15, 2023.
             Was a Follower of Sif Muna.
             Mangled by a death yak (21 damage)
             ... on level 7 of the Dungeon.
             The game lasted 00:24:25 (12034 turns).

experimilk the Zephyrmancer (DrCj)                 Turns: 12034, Time: 00:24:26

Health: -8/69      AC:  8    Str: 10    XL:     10   Next: 14%
Magic:  1/19       EV: 17    Int: 23    God:    Sif Muna [*.....]
Gold:   142        SH:  0    Dex:  9    Spells: 6/21 levels left

rFire   . . .      SeeInvis .    y - staff of air
rCold   . . .      Faith    .    d - orb {light}
rNeg    . . .      Spirit   .    (body armour unavailable)
rPois   +          Reflect  .    (helmet restricted)
rElec   +          Harm     .    (no cloak)
rCorr   .          Rampage  .    n - +0 pair of gloves
Will    .....                    (no boots)
Stlth   +                        (no amulet)
HPRegen 0.31/turn                t - +5 ring of evasion
MPRegen 0.16/turn                (no ring)

@: sluggish, about to teleport, glowing, very slow
A: breathe noxious fumes, AC +7, unfitting armour, poison resistance,
cold-blooded
a: Breathe Noxious Fumes, Renounce Religion, Channel Magic


You were on level 7 of the Dungeon.
You worshipped Sif Muna.
Sif Muna was aware of your devotion.
You visited 2 branches of the dungeon, and saw 10 of its levels.

You collected 410 gold pieces.
You spent 268 gold pieces at shops.

Inventory:

Hand Weapons
 s - a +0 rapier
Missiles
 r - 3 throwing nets
Armour
 d - an orb of light (worn)
 n - a +0 pair of gloves (worn)
Magical Staves
 y - a staff of air (weapon)
Jewellery
 l - a ring of see invisible
 o - a ring of willpower
 t - a +5 ring of evasion (left hand)
 v - a ring of positive energy
 B - a +6 ring of intelligence
Wands
 E - a wand of paralysis (1)
Scrolls
 b - 2 scrolls of fog
 c - a scroll of vulnerability
 f - 4 scrolls of fear
 h - a scroll of immolation
 j - 2 scrolls of amnesia
 q - 2 scrolls of magic mapping
 w - 2 scrolls of butterflies
 x - 2 scrolls of brand weapon {unknown}
 C - a scroll of enchant weapon {unknown}
 D - a scroll of poison {unknown}
Potions
 e - 3 potions of might
 g - 6 potions of curing
 i - 2 potions of mutation
 k - a potion of cancellation {unknown}
 m - a potion of haste {unknown}
 p - 3 potions of attraction
 u - 2 potions of heal wounds
 z - 2 potions of flight {unknown}
 A - a potion of berserk rage {unknown}


   Skills:
 - Level 1.7 Dodging
 - Level 1.7 Stealth
 + Level 6.2 Spellcasting
 - Level 9.0 Conjurations
 * Level 1.0 Translocations
 * Level 10.6 Air Magic


You had 6 spell levels left.
You knew the following spells:

 Your Spells              Type           Power      Damage    Failure   Level
a - Shock                 Conj/Air       100%       1d9       1%          1
b - Magic Dart            Conj           100%       1d8       1%          1
r - Swiftness             Air            71%        N/A       1%          3
v - Airstrike             Air            35%        2d(6-22)  1%          4
x - Iskenderun's Mystic   Conj/Tloc      30%        2d8       11%         4
z - Searing Ray           Conj           96%        2d7       1%          2

Your spell library contained the following spells:

 Spells                   Type           Power      Damage    Failure   Level
 Dazzling Flash           Conj/Hex       54%        N/A       4%          3
 Fulminant Prism          Conj/Hex       13%        3d9       13%         4


Dungeon Overview and Level Annotations

Branches:
Dungeon (9/15)             Temple (1/1) D:7
   Lair: D:8-11         Orc: D:9-12

Altars:
Ashenzari
Cheibriados
Dithmenos
Elyvilon
Fedhas
Gozag
Hepliaklqana
Kikubaaqudgha
Makhleb
Nemelex Xobeh
Okawaru
Qazlal
Ru
Sif Muna
Trog
Uskayaw
Wu Jian
Xom
Yredelemnul
Zin
The Shining One

Shops:
D:4 ?[   D:7 *

Annotations:
D:7 1 runed translucent door, jejorda2's ghost, novice MfBe


Innate Abilities, Weirdness & Mutations

You can breathe blasts of noxious fumes.
Your lurid green scales are hard. (AC +7)
You cannot fit into any form of body armour.
Your system is resistant to poisons. (rPois)
You are cold-blooded and may be slowed by cold attacks.


Message History

Aiming: Paralyse
Press: ? - help, Q - select action, (/) - cycle Shift-Dir - straight line, f/p - death yak
Aim: a death yak (severely wounded, confused, haloed, chance to affect: 1%)
The death yak resists with almost no effort.
The death yak seems less confused.
There is a stone staircase leading up, spattered with blood here.
The necrophage hits you but does no damage.
The death yak misses you.
You climb upwards.
Level annotation: 1 runed translucent door, jejorda2's ghost, novice MfBe
There is a stone staircase leading down, spattered with blood here.
Casting: Searing Ray (safe; 1% risk of failure)
Confirm with . or Enter, or press ? or * to list all spells.
This spell is already in effect.
The death yak gores you!! The death yak attacks as you move away!
The death yak gores you but does no damage.
The death yak gores you. The death yak gores you!
As you read the scroll of teleportation, it crumbles to dust.
You feel strangely unstable. The death yak gores you!
Casting: Swiftness (safe; 1% risk of failure)
Confirm with . or Enter, or press ? or * to list all spells.
Aiming: Searing Ray (safe; 1% risk of failure)
Press: ? - help, Shift-Dir - straight line, f - death yak
Aim: a death yak (severely wounded, haloed, 95% to hit)
The searing ray hits the death yak.
The death yak is severely wounded. (Press . to maintain the ray.)
You start to feel a little faster.
You have got your breath back.
The death yak closely misses you.
The searing ray hits the death yak but does no damage.
The death yak is severely wounded.
The death yak gores you!
* * * LOW HITPOINT WARNING * * *
The searing ray hits the death yak!
The death yak is almost dead.
The death yak gores you!!
You die...

.......#........#..'.............
.......'........#..#...........⌠.
####'########'######............∩
#...............>....#########.⌠.
#....................#.......#..^
#....................#.......#...
#....................#.......#...
#...............Y<...'.......#...
#...............@.......####.#...
###'####'###.#......#....######..
#.............##..#...##..# #..
#..............##..######.# #..
###.####'####..###..####..#####..
###.####.##....###...............
..........#.....#..>...#.........
..........#...).......#..........
..........#.......##.##..........


You could see a death yak.

Vanquished Creatures
  2 death yaks (D:7)
  Maggie (D:7)
  A dream sheep (D:8)
  A wyvern (D:8)
  A steam dragon (D:8)
  2 water moccasins
  An ice beast (D:6)
  An orc warrior (D:8)
  3 ogres
  2 black bears
  2 centaurs
  Blork the orc (D:4)
  A gnoll sergeant (D:8)
  A bullfrog (D:8)
  2 scorpions
  6 killer bees (D:8)
  5 howler monkeys
  3 orc priests
  3 hounds
  2 jellies
  2 gnoll boudas
  6 orc wizards
  2 iguanas
  11 gnolls
  6 adders
  A shadow imp (D:7)
  2 white imps (D:5)
  A worm (D:2)
  6 dart slugs
  25 orcs
  6 ball pythons
  9 endoplasms
  4 giant cockroaches
  6 goblins
  10 hobgoblins
  2 quokkas
  5 bats
  3 frilled lizards (D:3)
  5 kobolds
  9 rats
162 creatures vanquished.

Vanquished Creatures (others)
  2 withered plants (D:7)
2 creatures vanquished.

Grand Total: 164 creatures vanquished

Notes
Turn   | Place    | Note
-------+----------+-------------------------------------------
     0 | D:1      | experimilk the Draconian Conjurer began the quest for the
                  | Orb.
     0 | D:1      | Reached XP level 1. HP: 14/14 MP: 3/3
   259 | D:1      | Reached XP level 2. HP: 20/20 MP: 1/5
  1172 | D:1      | Reached XP level 3. HP: 26/26 MP: 0/6
  1466 | D:2      | Learned a level 2 spell: Searing Ray
  1845 | D:2      | Reached skill level 5 in Conjurations
  2138 | D:3      | Reached XP level 4. HP: 33/33 MP: 0/8
  3273 | D:4      | Noticed Blork the orc
  3281 | D:4      | Killed Blork the orc
  3282 | D:4      | Reached XP level 5. HP: 28/38 MP: 0/9
  3660 | D:4      | Reached XP level 6. HP: 16/45 MP: 4/10
  4096 | D:4      | Found Vitesch's Magic Scroll Boutique.
  4102 | D:4      | Bought a scroll of teleportation for 30 gold pieces
  4102 | D:4      | Bought a scroll of noise for 10 gold pieces
  4102 | D:4      | Bought a scroll of identify for 20 gold pieces
  4105 | D:4      | Bought a scroll of fog for 40 gold pieces
  4105 | D:4      | Bought a scroll of fear for 40 gold pieces
  4105 | D:4      | Bought a scroll of identify for 20 gold pieces
  4874 | D:4      | Found Loirad's Armour Emporium.
  5109 | D:5      | Entered Level 5 of the Dungeon
  5572 | D:4      | Your scales start taking on a lurid green colour.
  5572 | D:4      | Reached XP level 7. HP: 36/50 MP: 4/11
  5572 | D:4      | Gained mutation: Your system is resistant to poisons.
                  | (rPois) [Green Draconian growth]
  5854 | D:4      | Learned a level 1 spell: Shock
  5958 | D:5      | Reached skill level 1 in Air Magic
  6121 | D:5      | Reached skill level 2 in Air Magic
  6737 | D:6      | Reached skill level 3 in Air Magic
  7004 | D:6      | Reached XP level 8. HP: 57/57 MP: 7/14
  7182 | D:6      | Learned a level 3 spell: Swiftness
  7187 | D:6      | Learned a level 4 spell: Airstrike
  7318 | D:6      | Reached skill level 5 in Spellcasting
  7779 | D:7      | Found Vomatt's General Store.
  7787 | D:7      | Bought a potion of heal wounds for 60 gold pieces
  7787 | D:7      | Bought a scroll of fear for 48 gold pieces
  7842 | D:7      | Reached skill level 4 in Air Magic
  8173 | D:7      | Reached skill level 5 in Air Magic
  8247 | D:7      | Found a runed translucent door.
  8247 | D:7      | Noticed Maggie
  8264 | D:7      | Killed Maggie
  8265 | D:7      | Reached skill level 6 in Air Magic
  8375 | D:7      | Noticed jejorda2's ghost (novice MfBe)
  8401 | D:7      | Found a staircase to the Ecumenical Temple.
  8410 | D:7      | Reached XP level 9. HP: 55/62 MP: 4/16
  8633 | Temple   | Entered the Ecumenical Temple
  9045 | Temple   | Became a worshipper of Sif Muna the Loreminder
  9309 | D:7      | Reached skill level 7 in Air Magic
  9754 | D:8      | Noticed a death yak
  9775 | D:8      | Noticed a death yak
 10088 | D:7      | Killed a death yak
 10089 | D:7      | Reached skill level 9 in Air Magic
 11029 | D:7      | Killed a death yak
 11030 | D:7      | Reached skill level 10 in Air Magic
 11454 | D:8      | Reached XP level 10. HP: 56/69 MP: 11/18
 11618 | D:8      | Reached * piety under Sif Muna
 11664 | D:7      | Learned a level 4 spell: Iskenderun's Mystic Blast
 11856 | D:8      | Found an ancient bone altar of Kikubaaqudgha.
 11933 | D:8      | You fall into a shaft and drop 1 floor!
 11949 | D:8      | Reached skill level 1 in Translocations
 11965 | D:8      | Noticed a death yak
 11968 | D:8      | Noticed a death yak
 11969 | D:8      | Noticed a death yak
 12034 | D:7      | Mangled by a death yak

Illustrated notes

Levels and vault maps discovered:
D:1:      matt_arrival_diagonals, layout_basic
D:2:      layout_rooms
D:3:      layout_loops_ring
D:4:      layout_basic, serial_shops, nicolae_shop_competitors_out_of_business,
          nicolae_shop_hallway_plus, hangedman_minor_gate_pass,
          uniq_blork_the_orc
D:5:      layout_cave_pools, hellmonk_bongcloud_opening
D:6:      wander_river, layout_gridville
D:7:      layout_gridville, minmay_temple_entry_wispy, serial_shops,
          shop_fountains, gammafunk_ghost_grave, uniq_maggie
D:8:      layout_loops_cross, mainiacjoe_overflow_big_doors, dpeg_lair_monsters,
          kennysheep_decorative_pillar, minmay_holes, dreamdust_gnoll_shepherd
D:9:      layout_basic, orc_0_dummy, nicolae_hexahallways, minmay_the_grid_2x2
          [minmay_the_grid_large_cup, minmay_the_grid_gridbox,
          minmay_the_grid_minigrid_small_alt,
          minmay_the_grid_prize_shrinking_boxes], uniq_maurice
Temple:   mainiacjoe_temple_big_plus

Skill      XL: |  1  2  3  4  5  6  7  8  9 10 |
---------------+-------------------------------+-----
Conjurations   | 5 6 7 8 9 |  9.0
Spellcasting   | 3 4 5 6 |  6.2
Air Magic      | 3 6 10 | 10.6
Translocations | 1 |  1.0
Dodging        | |  1.7
Stealth        | |  1.7

Action                   |  1- 3 |  4- 6 |  7- 9 | 10-12 || total
-------------------------+-------+-------+-------+-------++-------
Melee: Club              |    27 |       |       |       ||    27
       Tailslap          |     3 |       |       |     1 ||     4
       Rapier            |       |     2 |     3 |       ||     5
       Staff             |       |       |       |     2 ||     2
 Cast: Magic Dart        |    83 |    63 |       |       ||   146
       Searing Ray       |     2 |    32 |    43 |     6 ||    83
       Shock             |       |       |    48 |     4 ||    52
       Airstrike         |       |       |     8 |    10 ||    18
       Swiftness         |       |       |     3 |     2 ||     5
 Abil: Breathe Noxious F |       |       |    15 |     3 ||    18
Evoke: Wand              |       |       |       |     1 ||     1
  Use: Scroll            |       |     7 |     2 |     1 ||    10
       Potion            |       |     1 |     1 |       ||     2
 Stab: Confused          |       |       |     1 |       ||     1
Armor: Skin              |     8 |     8 |    11 |     6 ||    33
Dodge: Dodged            |    24 |    22 |    44 |    52 ||   142

Table legend: (Time is in decaauts)
 A = Elapsed time spent in this place.
 B = Non-inter-level travel time spent in this place.
 C = Inter-level travel time spent in this place.
 D = Time resting spent in this place.
 E = Time spent auto-exploring this place.
 F = Levels seen in this place.
 G = Mean time per level.
                   A        B        C        D        E       F      G
               +--------+--------+--------+--------+--------+-----+--------+
         Total |  12041 |  11552 |    489 |   4375 |   5956 |  10 | 1204.1 |
       Dungeon |  11604 |  11136 |    468 |   4375 |   5571 |   9 | 1289.3 |
        Temple |    437 |    416 |     21 |      0 |    385 |   1 |  437.0 |
               +--------+--------+--------+--------+--------+-----+--------+

Top non-repeatable levels by time:
     D:7: 2890 daAuts
     D:4: 2255 daAuts
     D:1: 1288 daAuts
     D:6: 1258 daAuts
     D:5: 1174 daAuts
     D:2: 1094 daAuts
     D:3: 824 daAuts
     D:8: 811 daAuts
  Temple: 437 daAuts
     D:9: 7 daAuts
